 Dungeon Crawl Stone Soup version 0.26-a0-264-g3a471323bd (webtiles) character file.

Game seed: 15402531156543654881

366 BritishOli the Skirmisher (level 6, -4/49 HPs)
             Began as a Demonspawn Fighter on July 11, 2020.
             Killed from afar by Blork the orc (9 damage)
             ... with a puff of frost
             ... on level 4 of the Dungeon.
             The game lasted 00:02:56 (4101 turns).

BritishOli the Skirmisher (Demonspawn Fighter)      Turns: 4101, Time: 00:02:57

Health: -4/49      AC: 12    Str: 18    XL:     6   Next: 40%
Magic:  6/6        EV:  7    Int:  9    God:
Gold:   145        SH:  9    Dex: 13    Spells: 5/5 levels left

rFire    . . .     SeeInvis .   a - +0 long sword
rCold    . . .     Faith    .   c - +0 kite shield
rNeg     . . .     Spirit   .   b - +0 scale mail
rPois    .         Reflect  .   (no helmet)
rElec    .         Harm     .   s - +0 cloak
rCorr    .                      (no gloves)
MR       .....                  (no boots)
Stlth    ..........             (no amulet)
HPRegen  0.16/turn              (no ring)
MPRegen  0.10/turn              n - ring of wizardry

@: no status effects
A: talons 2, iridescent scales 2, demonic guardian 1
a: no special abilities


You were on level 4 of the Dungeon.
You were not hungry.

You visited 1 branch of the dungeon, and saw 4 of its levels.

You collected 145 gold pieces.

Inventory:

Hand Weapons
 a - a +0 long sword (weapon)
Armour
 b - a +0 scale mail (worn)
 c - a +0 kite shield (worn)
 s - a +0 cloak (worn)
Jewellery
 m - a cursed -4 ring of strength {unknown}
 n - a ring of wizardry (right hand)
Wands
 p - a wand of digging (4)
 v - a wand of iceblast (8)
Scrolls
 e - a scroll of enchant armour {unknown}
 g - a scroll of blinking
 i - 2 scrolls of amnesia
 k - 3 scrolls of identify
 l - 2 scrolls of remove curse
 r - 2 scrolls of fog {unknown}
 t - a scroll of magic mapping {unknown}
Potions
 d - a potion of might
 h - a potion of curing
 j - 2 potions of stabbing
 o - 3 potions of flight {unknown}
 q - a potion of cancellation {unknown}
 u - a potion of heal wounds {unknown}
Comestibles
 f - 5 rations


   Skills:
 + Level 4.4 Fighting
 + Level 3.4 Long Blades
 + Level 4.0 Armour
 + Level 4.0 Shields


You had 5 spell levels left.
You didn't know any spells.
Your spell library was empty.

Dungeon Overview and Level Annotations

Branches:
Dungeon (4/15)
 Temple: D:4-7

Altars:

Annotations:
D:4 Blork the orc


Innate Abilities, Weirdness & Mutations

You have razor-sharp toenails.
You are mostly covered in iridescent scales. (AC +4)
A weak demonic guardian rushes to your aid.


Message History

You don't have any such object.
Evoke which item? (* to show all) (? for menu, Esc to quit)
Okay, then.
Blork the orc closely misses you.
Blork the orc screams, "I'll make a cloak from your skin!"
Blork the orc gestures at you while chanting.
You block the puff of frost.
Your quasit bites Blork the orc.
Your quasit claws Blork the orc. x2
Blork the orc hits your quasit with a +1 short sword of electrocution.
Lightning courses through your quasit!
Your quasit closely misses Blork the orc.
Your quasit completely misses Blork the orc.
Your quasit claws Blork the orc.
Blork the orc casts a spell at you.
The puff of frost hits you but does no damage.
Your quasit bites Blork the orc.
Your quasit claws Blork the orc.
Your quasit completely misses Blork the orc.
Blork the orc casts a spell at you. The puff of frost hits you!
You die...

+...........
#...........
#...........
#...........
#...........
#...........
#...........
#####.################
.)...........5o.@....#
#####........#######.#
#.............##.#
#####...).....##.#
#.....########.#
#.##..#.....##.###
#.##........##...#
#.##############.##
#.................#


You could see Blork the orc (fast) and a friendly quasit (summoned).

Vanquished Creatures
  2 orc wizards
  Crazy Yiuf (D:3)
  An orc priest (D:4)
  Ijyb (D:3)
  An iguana (D:4)
  A hound zombie (D:4)
  A gnoll (D:1)
  6 adders
  A leopard gecko (D:2)
  3 orcs
  A ball python (D:4)
  4 giant cockroaches
  3 hobgoblins
  6 jackals
  4 quokkas
  2 bats
  5 goblins
  8 kobolds
  5 rats
56 creatures vanquished.

Vanquished Creatures (collateral kills)
  A phantom (D:4)
1 creature vanquished.

Grand Total: 57 creatures vanquished

Notes
Turn   | Place    | Note
-------+----------+-------------------------------------------
     0 | D:1      | BritishOli the Demonspawn Fighter began the quest for the
                  | Orb.
     0 | D:1      | Reached XP level 1. HP: 18/18 MP: 1/1
   325 | D:1      | Gained mutation: You have sharp toenails. [demonic
                  | ancestry]
   325 | D:1      | Reached XP level 2. HP: 24/24 MP: 2/2
   880 | D:2      | Gained mutation: You have razor-sharp toenails. [demonic
                  | ancestry]
   880 | D:2      | Reached XP level 3. HP: 26/29 MP: 3/3
  2039 | D:3      | Found a runed translucent door.
  2040 | D:3      | Noticed Crazy Yiuf
  2073 | D:3      | Gained mutation: You are partially covered in iridescent
                  | scales. (AC +2) [demonic ancestry]
  2073 | D:3      | Reached XP level 4. HP: 18/37 MP: 4/4
  2702 | D:3      | Noticed Ijyb
  2725 | D:3      | Killed Ijyb
  2879 | D:3      | Killed Crazy Yiuf
  2879 | D:3      | Gained mutation: A weak demonic guardian rushes to your
                  | aid. [demonic ancestry]
  2879 | D:3      | Reached XP level 5. HP: 3/42 MP: 2/5
  3389 | D:4      | Noticed a phantom
  3422 | D:4      | Killed a phantom
  3606 | D:4      | Gained mutation: You are mostly covered in iridescent
                  | scales. (AC +4) [demonic ancestry]
  3606 | D:4      | Reached XP level 6. HP: 47/48 MP: 6/6
  4071 | D:4      | Noticed Blork the orc
  4101 | D:4      | Killed from afar by Blork the orc

Illustrated notes

Levels and vault maps discovered:
D:1:      ncdulo_halloftheorcs, layout_rooms
D:2:      layout_basic, minmay_fountain_box, minmay_crystal_room
D:3:      layout_basic, hangedman_decor_points, uniq_ijyb,
          uniq_crazy_yiuf_cottage
D:4:      layout_basic, uniq_blork_the_orc

Skill      XL: |  1  2  3  4  5  6 |
---------------+-------------------+-----
Long Blades    | 2 3 |  3.4
Shields        | 3 4 |  4.0
Armour         | 3 4 |  4.0
Fighting       | 4 |  4.4

Action                   |  1- 3 |  4- 6 || total
-------------------------+-------+-------++-------
Melee: Long sword        |    94 |    94 ||   188
       Kick              |    18 |    29 ||    47
Evoke: Wand              |       |     1 ||     1
  Use: Scroll            |     5 |       ||     5
       Potion            |     4 |       ||     4
  Eat: Ration            |     1 |     2 ||     3
Armor: Scale mail        |    58 |    50 ||   108
Dodge: Dodged            |    31 |    29 ||    60
Block: Kite shield       |    41 |    49 ||    90
       Rpst.: Long sword |    12 |    13 ||    25

Table legend:
 A = Non-vault XP
 B = Vault XP
 C = Vault XP percentage of total XP
 D = Non-vault monster count
 E = Vault monster count
 F = Vault count percentage of total count
                 A         B        C        D         E       F
            +---------+---------+-------+---------+---------+-------
      Total |     446 |      78 |  14.9 |      55 |       2 |   3.5
            +---------+---------+-------+---------+---------+-------
        D:1 |      37 |       0 |   0.0 |      17 |       0 |   0.0
        D:2 |      48 |       0 |   0.0 |      13 |       0 |   0.0
        D:3 |      65 |      78 |  54.5 |      12 |       2 |  14.3
        D:4 |     296 |       0 |   0.0 |      13 |       0 |   0.0
            +---------+---------+-------+---------+---------+-------
